 Dungeon Crawl Stone Soup version 0.18.1-50-g88ac8fd (webtiles) character file.

6 Flanowski the Digger (level 1, -1/10 HPs)
             Began as a Gargoyle Earth Elementalist on Sept 22, 2016.
             Slain by a hobgoblin (3 damage)
             ... on level 1 of the Dungeon.
             The game lasted 00:01:01 (225 turns).

Flanowski the Digger (Gargoyle Earth Elementalist)   Turns: 225, Time: 00:01:02

Health: -1/10      AC:  4    Str: 11    XL:     1   Next: 90%
Magic:  0/3        EV: 12    Int: 15    God:
Gold:   62         SH:  0    Dex: 10    Spells: 1 memorised, 3 levels left

rFire  . . .     SeeInvis .     (no weapon)
rCold  . . .     Gourm    .     a - +0 robe
rNeg   + . .     Faith    .     (no shield)
rPois  ∞         Spirit   .     (no helmet)
rElec  +         Dismiss  .     (no cloak)
rCorr  .         Reflect  .     (no gloves)
SustAt .         Harm     .     (no boots)
MR     .....                    f - amulet of inaccuracy (curse)
Stlth  ++........               (no ring)
                                (no ring)

@: not resistant to hostile enchantments, unstealthy
A: negative energy resistance 1, electricity resistance, unbreathing,
petrification resistance, rot immunity, AC +2
a: no special abilities


You were on level 1 of the Dungeon.
You were not hungry.

You visited 1 branch of the dungeon, and saw 1 of its levels.

You collected 62 gold pieces.

Inventory:

Missiles
 b - 60 stones (quivered)
Armour
 a - a +0 robe (worn)
Jewellery
 f - a cursed amulet of inaccuracy (around neck)
Scrolls
 g - a scroll of remove curse {unknown}
Potions
 e - a potion of berserk rage {unknown}
Books
 c - a book of Geomancy

   Spells                             Type                      Level
   a - Sandblast                      Earth                        1
   b - Passwall                       Transmutation/Earth          2
   c - Stone Arrow                    Conjuration/Earth            3
   d - Petrify                        Transmutation/Earth          4
   e - Lee's Rapid Deconstruction     Earth                        5
Comestibles
 d - a bread ration


   Skills:
 + Level 1.5 Dodging
 - Level 2.1 Stealth
 * Level 2.1 Spellcasting
   Level 0.7 Transmutations
 * Level 4.0 Earth Magic


You had 3 spell levels left.
You knew the following spells:

 Your Spells              Type           Power        Failure   Level  Hunger
a - Sandblast             Erth           ##....       4%          1    #......


Dungeon Overview and Level Annotations

Branches:
Dungeon (1/15)

Altars:


Innate Abilities, Weirdness & Mutations

You are resistant to torment.
Your stone body is resilient (AC +2).
You are immune to poison.
You resist negative energy.
You are resistant to electric shocks.
You can survive without breathing.
You are immune to petrification.
You are immune to rotting.


Message History

Aiming: Sandblast
Press: ? - help, Shift-Dir - straight line, f/p - rat
Aim: a rat The blast of sand misses the rat.
The rat bites you.
You barely miss the rat. The rat closely misses you.
You hit the hobgoblin but do no damage. The rat closely misses you.
The hobgoblin hits you.
You barely miss the hobgoblin. The rat bites you but does no damage.
The hobgoblin barely misses you.
You miss the hobgoblin. The rat closely misses you. The hobgoblin misses you.
You hit the giant cockroach.
The giant cockroach is lightly wounded.
The giant cockroach bites you but does no damage.
The rat closely misses you. The hobgoblin hits you.
* * * LOW HITPOINT WARNING * * *
You are too injured to fight recklessly!
The giant cockroach closely misses you.
You see here 11 gold pieces.
The giant cockroach barely misses you. The hobgoblin hits you.
You die...

###..............#
................#
#..............###.#
#.................#
#..#.....##....#
#.............$#
####........#r.#
#.###.####gs#
##.###.# #@.#
##[.>##.......#
##.....######.##
####.......# #.#
....†......# #.#
###........# #.#
#.#.....######.#
###.#.............
....#....#.####


You could see a giant cockroach, a hobgoblin and a rat.

Vanquished Creatures
  2 bats (D:1)
  2 hobgoblins (D:1)
  A kobold (D:1)
  A rat (D:1)
6 creatures vanquished.

Notes
Turn   | Place    | Note
--------------------------------------------------------------
     0 | D:1      | Flanowski the Gargoyle Earth Elementalist began the quest for the Orb.
     0 | D:1      | Reached XP level 1. HP: 10/10 MP: 3/3
   205 | D:1      | Reached skill level 4 in Earth Magic
   225 | D:1      | Slain by a hobgoblin

Skill      XL: |  1 |
---------------+----+-----
Earth Magic    | 4 |  4.0
Dodging        | |  1.5
Stealth        | |  2.1
Spellcasting   | |  2.1
Transmutations | |  0.7

Action                   || total
-------------------------++-------
Melee: Unarmed           ||    33
 Cast: Sandblast         ||    14
  Use: Scroll            ||     1
 Stab: Sleeping          ||     1
Armor: Robe              ||    10
Dodge: Dodged            ||    41
